 Dungeon Crawl Stone Soup version 0.27-a0-1347-gd8886f0a89 (webtiles) character file.

Game seed: 9512027037710765028

106 Shayle the Sneak (level 4, -4/40 HPs)
             Began as a Naga Hedge Wizard on June 27, 2021.
             Killed from afar by an orc wizard (8 damage)
             ... with a magic dart
             ... on level 4 of the Dungeon.
             The game lasted 00:06:24 (2683 turns).

Shayle the Sneak (Naga Hedge Wizard)                Turns: 2683, Time: 00:06:25

Health: -4/40      AC:  2    Str: 12    XL:     4   Next: 84%
Magic:  2/8        EV: 10    Int: 15    God:
Gold:   165        SH:  0    Dex: 11    Spells: 6/9 levels left

rFire    . . .     SeeInvis +   k - +1 whip (venom)
rCold    . . .     Faith    .   (no shield)
rNeg     . . .     Spirit   .   b - +0 robe
rPois    +         Reflect  .   c - +0 hat
rElec    .         Harm     .   (no cloak)
rCorr    .         Rampage  .   (no gloves)
Will     .....                  (no barding)
Stlth    ++........             (no amulet)
HPRegen  0.13/turn              (no ring)
MPRegen  0.11/turn              (no ring)

@: short of breath, very slightly contaminated, very slow
A: AC +1, large, see invisible, deformed body, poison resistance, slowness 2,
spit poison 1, naga tail 1
a: Spit Poison


You were on level 4 of the Dungeon.
You visited 1 branch of the dungeon, and saw 4 of its levels.

You collected 165 gold pieces.

Inventory:

Hand Weapons
 a - a +0 dagger
 g - a +2 short sword of holy wrath
 k - a +1 whip of venom (weapon)
 m - a +0 broad axe
Missiles
 o - 8 curare-tipped darts
Armour
 b - a +0 robe (worn)
 c - a +0 hat (worn)
 l - a +0 hat
Scrolls
 d - 2 scrolls of enchant weapon {unknown}
 i - a scroll of enchant armour {unknown}
 j - a scroll of silence {unknown}
Potions
 e - a potion of resistance
 f - 2 potions of cancellation {unknown}
 h - 2 potions of curing
 n - a potion of might {unknown}


   Skills:
 + Level 2.9 Fighting
 + Level 3.0 Dodging
 - Level 3.0 Stealth
 - Level 3.0 Spellcasting
 - Level 1.0 Conjurations
 - Level 1.0 Summonings
 - Level 1.0 Translocations


You had 6 spell levels left.
You knew the following spells:

 Your Spells              Type           Power      Damage    Failure   Level
a - Magic Dart            Conj           20%        1d4       13%         1
b - Call Imp              Summ           5%         N/A       21%         2

Your spell library contained the following spells:

 Spells                   Type           Power      Damage    Failure   Level
 Blink                    Tloc           N/A        N/A       21%         2
 Slow                     Hex            2%         N/A       30%         2
 Conjure Flame            Conj/Fire      3%         6-21      43%         3
 Mephitic Cloud           Conj/Pois/Air  3%         N/A       45%         3


Dungeon Overview and Level Annotations

Branches:
Dungeon (4/15)
 Temple: D:4-7

Altars:
Elyvilon
Uskayaw

Annotations:
D:3 1 runed translucent door, Crazy Yiuf


Innate Abilities, Weirdness & Mutations

Your serpentine skin is tough. (AC +1)
You have supernaturally acute eyesight. (SInv)
Armour fits poorly on your strangely shaped body.
Your system is resistant to poisons. (rPois)
You cover ground very slowly.
You can spit poison.
You have a snake-like lower body.


Message History

Confirm with . or Enter, or press ? or * to list all spells.
You miscast Call Imp.
You are very lightly contaminated with residual magic.
Nothing appears to happen.
The orc wizard hits you with a +0 dagger.
Unknown command.
Casting: Call Imp (safe; 21% risk of failure)
Confirm with . or Enter, or press ? or * to list all spells.
A beastly little devil appears in a puff of flame.
The orc wizard closely misses you.
Casting: Call Imp (safe; 21% risk of failure)
Confirm with . or Enter, or press ? or * to list all spells.
A beastly little devil appears in a puff of frigid air.
The orc wizard hits you with a +0 dagger.
* * * LOW HITPOINT WARNING * * *
Unknown command.
Your white imp gestures at the ball python.
The puff of frost hits the orc wizard.
Your crimson imp barely misses the orc wizard.
You hit the orc wizard but do no damage.
The orc wizard is poisoned.
The orc wizard is moderately wounded.
The orc wizard casts a spell at you. The magic dart hits you!
* * * LOW HITPOINT WARNING * * *
Your crimson imp misses the orc wizard.
Your white imp misses the orc wizard.
You closely miss the orc wizard.
The orc wizard is moderately wounded.
The orc wizard closely misses you.
Your crimson imp barely misses the orc wizard.
Your white imp closely misses the orc wizard.
Unknown command.
Press: ? - help, Shift-Dir - straight line, f/p - orc wizard
Aim: an orc wizard, wielding a +0 dagger and wearing a +0 robe (moderately wounded, slightly transparent, very poisoned)
The splash of poison hits the orc wizard.
The orc wizard looks even sicker.
The orc wizard is heavily wounded.
The orc wizard points at you and mumbles some strange words.
The magic dart hits you!
You die...

#.........# ##...##
#..######.###.....##
#..##.###.##.......## .
#......##.#.........##.
..........'.........'.
#...†..##.#.........#
#..##.###.##....<..#
#.###.###.###.....##
#.........# ##55@##
#####.##### ##o## #.#
#S# #.# #o# #.# #...#
#.# ....... #..
.....##.# ### ....... #
.........


You could see an orc wizard (invisible, very poisoned), an orc, a ball python
(ally target), a friendly crimson imp (summoned) and a friendly white imp
(summoned).

Vanquished Creatures
  A gnoll (D:3)
  3 dart slugs
  2 orcs
  4 ball pythons
  4 bats
  3 endoplasms
  3 giant cockroaches
  2 goblins
  5 hobgoblins
  3 frilled lizards
  6 kobolds
  5 rats
41 creatures vanquished.

Vanquished Creatures (collateral kills)
  A scorpion (D:4)
  2 worms
  An endoplasm (D:3)
  A goblin (D:2)
  A ball python (D:2)
  3 bats
9 creatures vanquished.

Vanquished Creatures (others)
  6 plants (D:3)
6 creatures vanquished.

Grand Total: 56 creatures vanquished

Notes
Turn   | Place    | Note
-------+----------+-------------------------------------------
     0 | D:1      | Shayle the Naga Hedge Wizard began the quest for the Orb.
     0 | D:1      | Reached XP level 1. HP: 15/15 MP: 4/4
   655 | D:1      | Reached skill level 1 in Fighting
   655 | D:1      | Reached XP level 2. HP: 20/25 MP: 6/6
  1066 | D:1      | Learned a level 2 spell: Call Imp
  1362 | D:2      | Reached XP level 3. HP: 28/31 MP: 5/7
  1572 | D:2      | You fall into a shaft and drop 1 floor!
  1581 | D:3      | Noticed a +0 short sword
  1581 | D:3      | Noticed a +0 spear
  1581 | D:3      | Noticed a +0 falchion
  1582 | D:3      | Noticed a +0 falchion
  1582 | D:3      | Noticed a +0 dagger
  1583 | D:3      | Noticed a +0 spear
  1583 | D:3      | Noticed a +0 dagger
  1583 | D:3      | Noticed a +0 short sword
  1599 | D:3      | Found a hide-covered altar of Uskayaw.
  1824 | D:3      | Found a runed translucent door.
  1825 | D:3      | Noticed Crazy Yiuf
  1883 | D:3      | Found a white marble altar of Elyvilon.
  2312 | D:4      | Noticed a scorpion
  2327 | D:4      | Killed a scorpion
  2328 | D:4      | Reached XP level 4. HP: 40/40 MP: 0/8
  2683 | D:4      | Killed from afar by an orc wizard

Illustrated notes

Levels and vault maps discovered:
D:1:      dpeg_arrival_shelter, layout_basic, hangedman_decor_slide_cut
D:2:      minmay_razor_zed, layout_rooms, serial_glass, glass_columns_a,
          glass_columns_b, item_on_display_a, item_on_display_a,
          minmay_strange_pillars, minmay_puff, uniq_sigmund
D:3:      layout_basic, nicolae_uskayaw_en_pointe, nicolae_elyvilon_temple_path,
          minmay_pentangle, uniq_crazy_yiuf_cottage
D:4:      layout_loops_corners, okawaru_metal_pillars_1_2,
          minmay_temple_entry_mist

Skill      XL: |  1  2  3 |
---------------+----------+-----
Fighting       | 1 2 |  2.9
Dodging        | 2 3 |  3.0
Stealth        | |  3.0
Spellcasting   | |  3.0
Conjurations   | |  1.0
Summonings     | |  1.0
Translocations | |  1.0

Action                   |  1- 3 |  4- 6 || total
-------------------------+-------+-------++-------
Melee: Dagger            |    21 |       ||    21
       Short sword       |    24 |       ||    24
       Whip              |    32 |    28 ||    60
 Cast: Magic Dart        |    12 |       ||    12
       Call Imp          |    19 |     2 ||    21
 Abil: Spit Poison       |    12 |     2 ||    14
  Use: Scroll            |     2 |       ||     2
       Potion            |       |     1 ||     1
 Stab: Sleeping          |     1 |     2 ||     3
Armor: Robe              |    22 |     3 ||    25
Dodge: Dodged            |    52 |    12 ||    64

Table legend: (Time is in decaauts)
 A = Elapsed time spent in this place.
 B = Non-inter-level travel time spent in this place.
 C = Inter-level travel time spent in this place.
 D = Time resting spent in this place.
 E = Time spent auto-exploring this place.
 F = Levels seen in this place.
 G = Mean time per level.
                   A        B        C        D        E       F      G
               +--------+--------+--------+--------+--------+-----+--------+
         Total |   3187 |   3176 |     11 |    308 |   2136 |   4 |  796.8 |
       Dungeon |   3187 |   3176 |     11 |    308 |   2136 |   4 |  796.8 |
               +--------+--------+--------+--------+--------+-----+--------+

Top non-repeatable levels by time:
     D:1: 1539 daAuts
     D:4: 681 daAuts
     D:3: 645 daAuts
     D:2: 321 daAuts
